Map: Dusk Towers

Players

LilDicky - Winner!

  • Race: Terran Terran
  • League: Platinum

greazybaby

  • Race: Protoss Protoss
  • League: Platinum

VOD

http://www.twitch.tv/tumescentpie

Description

Time

  • Played on: Nov. 21, 2015, 12:46 a.m.
  • Length: 4:04
Show
View Real Time Build Order
Export as new Build Order

LilDicky Terran - Winner!

Build Orders:  

Get SALT Encoding   

  12  0:01  SCV  
  13  0:14  SCV  
  14  0:18  Supply Depot  
  14  0:26  SCV  
  15  0:30  Refinery  
  15  0:39  SCV  
  16  0:45  Barracks  
  16  0:56  SCV  
  17  1:08  SCV  
  18  1:20  SCV  
  19  1:35  Supply Depot, Marine  
  19  1:37  Orbital Command  
  20  1:41  Factory  
  20  1:55  Marine  
  21  2:04  Barracks  
  21  2:05  SCV  
  21  2:08  Barracks  
  22  2:12  Refinery  
  22  2:18  SCV  
  24  2:23  Barracks Reactor  
  23  2:30  SCV  
  24  2:38  Widow Mine  
  24  2:42  SCV  
  27  2:46  Supply Depot  
  27  2:54  SCV  
  27  2:56  Barracks Tech Lab x2  
  28  3:00  Marine x2  
  30  3:06  SCV  
  30  3:07  Widow Mine  
  32  3:19  Marauder, Marine  
  37  3:24  SCV, Marine  
  37  3:34  Supply Depot  
  37  3:36  SCV  
Show
View Real Time Build Order
Export as new Build Order

greazybaby Protoss 

Build Orders: 1 Gate Expand, Oracle Opening 

Get SALT Encoding   

  12  0:01  Probe (Chrono Boost)  
  13  0:12  Probe (Chrono Boost)  
  14  0:18  Pylon  
  14  0:23  Probe (Chrono Boost)  
  15  0:38  Gateway  
  15  0:40  Probe (Chrono Boost)  
  16  0:48  Assimilator  
  16  0:51  Probe (Chrono Boost)  
  17  1:02  Probe (Chrono Boost)  
  18  1:27  Nexus  
  18  1:31  Cybernetics Core  
  18  1:35  Probe (Chrono Boost)  
  19  1:43  Assimilator  
  19  1:52  Pylon  
  19  1:55  Probe (Chrono Boost)  
  20  2:05  Probe (Chrono Boost)  
  21  2:16  Probe (Chrono Boost)  
  21  2:20  Stalker (Chrono Boost), Stargate  
  24  2:26  Probe  
  25  2:42  Probe  
  25  2:43  Probe  
  27  2:53  Gateway  
  27  3:12  Twilight Council  
  27  3:15  Oracle  
  23  3:46  Gateway  
Tags
 
Add a new tag
Caveats
  • Supply blocks, unpowered buildings, or Contaminate may cause inaccurate times.
  • Supply counts are checked every 10 seconds.